TOP OF THE 1ST |
Athletic Club KC Academy batting - Pitching for Durham Rapiers : LHP David Cole
|
Pitching: LHP David Cole
|
|
Batting: SHB António Montés
|
0-0: Ball 1-0: Called Strike 1-1: Called Strike 1-2: Fly out, F8 (Flyball, 78M)
|
Batting: RHB Chris Teague
|
0-0: Ball 1-0: Called Strike 1-1: Ball 2-1: Ground out 6-3 (Groundball, 6)
|
Batting: RHB Dave Robertson
|
0-0: Foul Ball, location: 2F 0-1: Ball 1-1: Called Strike 1-2: Foul Ball, location: 2F 1-2: Ball 2-2: Fly out, F9 (Flyball, 9D)
|
Top of the 1st over - 0 run(s), 0 hit(s), 0 error(s), 0 left on base; Athletic Club KC Academy 0 - Durham 0 |
BOTTOM OF THE 1ST |
Durham Rapiers batting - Pitching for Athletic Club KC Academy : RHP Pedro Ramírez
|
Pitching: RHP Pedro Ramírez
|
|
Batting: RHB Esteban Garza
|
0-0: Ball 1-0: Fly out, F8 (Flyball, 8RM)
|
Batting: LHB Evan Nelson
|
0-0: Ball 1-0: Swinging Strike 1-1: Foul Ball, location: 2F 1-2: Foul Ball, location: 2F 1-2: SINGLE (Line Drive, 56)
|
Batting: RHB Luis Tapia
|
0-0: Ball 1-0: Called Strike Evan Nelson steals 2nd base 1-1: Swinging Strike 1-2: Strikes out swinging
|
Batting: RHB Harrison Blackford
|
0-0: Ball 1-0: Called Strike 1-1: SINGLE (Flyball, 9S) Evan Nelson to third Runner from 3rd tries for Home, SAFE, no throw or cutoff
|
Batting: SHB Ramón Pérez
|
0-0: Ground out 4-3 (Groundball, 34)
|
Bottom of the 1st over - 1 run(s), 2 hit(s), 0 error(s), 1 left on base; Athletic Club KC Academy 0 - Durham 1 |
TOP OF THE 2ND |
Athletic Club KC Academy batting - Pitching for Durham Rapiers : LHP David Cole
|
Batting: RHB Allen Williams
|
0-0: Ball 1-0: Fly out, F6 (Line Drive, 6)
|
Batting: RHB Bob Curry
|
0-0: Swinging Strike 0-1: Called Strike 0-2: Strikes out swinging
|
Batting: RHB Michael Walker
|
0-0: Called Strike 0-1: Called Strike 0-2: Ball 1-2: Ground out 5-3 (Groundball, 5L)
|
Top of the 2nd over - 0 run(s), 0 hit(s), 0 error(s), 0 left on base; Athletic Club KC Academy 0 - Durham 1 |
BOTTOM OF THE 2ND |
Durham Rapiers batting - Pitching for Athletic Club KC Academy : RHP Pedro Ramírez
|
Batting: RHB Caleb Lee
|
0-0: Ball 1-0: Ball 2-0: Fly out, F6 (Popup, 6M)
|
Batting: RHB Kevin Sanderson
|
0-0: Called Strike 0-1: SINGLE (Groundball, 56D)
|
Batting: SHB Orlando López
|
0-0: Ball 1-0: Ball 2-0: Called Strike 2-1: Ball 3-1: Base on Balls Kevin Sanderson to second
|
Batting: RHB Luis Dávila
|
0-0: Called Strike 0-1: Fly out, F8 (Flyball, 8RM)
|
Batting: RHB Esteban Garza
|
0-0: Ball 1-0: Ball 2-0: SINGLE (Groundball, 6MD) Kevin Sanderson to third Orlando López to second Throwing error, E8 Kevin Sanderson scores Orlando López to third Esteban Garza to second
|
Batting: LHB Evan Nelson
|
0-0: Ball 1-0: Called Strike 1-1: Ball 2-1: Ball 3-1: Ground out U3 (Groundball, 3S)
|
Bottom of the 2nd over - 1 run(s), 2 hit(s), 1 error(s), 2 left on base; Athletic Club KC Academy 0 - Durham 2 |
TOP OF THE 3RD |
Athletic Club KC Academy batting - Pitching for Durham Rapiers : LHP David Cole
|
Batting: RHB Larry Johnston
|
0-0: Called Strike 0-1: Ball 1-1: Ball 2-1: Fly out, F9 (Flyball, 89M)
|
Batting: RHB William Williams
|
0-0: Called Strike 0-1: Hit by Pitch
|
Batting: LHB Ed Hammond
|
0-0: Ball William Williams is caught stealing 2nd base 1-0: Ball 2-0: Ball 3-0: Called Strike 3-1: Called Strike 3-2: Fly out, F8 (Flyball, 8RS)
|
Top of the 3rd over - 0 run(s), 0 hit(s), 0 error(s), 0 left on base; Athletic Club KC Academy 0 - Durham 2 |
BOTTOM OF THE 3RD |
Durham Rapiers batting - Pitching for Athletic Club KC Academy : RHP Pedro Ramírez
|
Batting: RHB Luis Tapia
|
0-0: Foul Ball, location: 2F 0-1: Ball 1-1: Foul Ball, location: 2F 1-2: Fly out, F8 (Flyball, 8LXD)
|
Batting: RHB Harrison Blackford
|
0-0: Ball 1-0: Called Strike 1-1: Fly out, F7 (Flyball, 78M)
|
Batting: SHB Ramón Pérez
|
0-0: SINGLE (Line Drive, 4MD)
|
Batting: RHB Caleb Lee
|
0-0: Fly out, F5 (Popup, 5F)
|
Bottom of the 3rd over - 0 run(s), 1 hit(s), 0 error(s), 1 left on base; Athletic Club KC Academy 0 - Durham 2 |
TOP OF THE 4TH |
Athletic Club KC Academy batting - Pitching for Durham Rapiers : LHP David Cole
|
Batting: SHB António Montés
|
0-0: Ball 1-0: SINGLE (Groundball, 4MD)
|
Batting: RHB Chris Teague
|
0-0: Ball 1-0: Called Strike 1-1: Ball 2-1: Called Strike 2-2: Foul Ball, location: 2F 2-2: Strikes out swinging
|
Batting: RHB Dave Robertson
|
0-0: Called Strike 0-1: Swinging Strike 0-2: Ball 1-2: Ball 2-2: Ball 3-2: Strikes out swinging
|
Batting: RHB Allen Williams
|
0-0: Ball António Montés is caught stealing 2nd base
|
Top of the 4th over - 0 run(s), 1 hit(s), 0 error(s), 0 left on base; Athletic Club KC Academy 0 - Durham 2 |
BOTTOM OF THE 4TH |
Durham Rapiers batting - Pitching for Athletic Club KC Academy : RHP Pedro Ramírez
|
Batting: RHB Kevin Sanderson
|
0-0: Ball 1-0: Called Strike 1-1: Ball 2-1: Ground out 5-3 (Groundball, 5S)
|
Batting: SHB Orlando López
|
0-0: Called Strike 0-1: Called Strike 0-2: Ball 1-2: Foul Ball, location: 2F 1-2: Ball 2-2: Foul Ball, location: 2F 2-2: Ground out 4-3 (Groundball, 34)
|
Batting: RHB Luis Dávila
|
0-0: Called Strike 0-1: Fly out, F4 (Popup, 4MD)
|
Bottom of the 4th over - 0 run(s), 0 hit(s), 0 error(s), 0 left on base; Athletic Club KC Academy 0 - Durham 2 |
TOP OF THE 5TH |
Athletic Club KC Academy batting - Pitching for Durham Rapiers : LHP David Cole
|
Batting: RHB Allen Williams
|
0-0: Called Strike 0-1: Ball 1-1: Called Strike 1-2: Fly out, F7 (Flyball, 78S)
|
Batting: RHB Bob Curry
|
0-0: Ball 1-0: Foul Ball, location: 2F 1-1: Ball 2-1: Ball 3-1: Base on Balls
|
Batting: RHB Michael Walker
|
0-0: Called Strike Bob Curry steals 2nd base 0-1: Called Strike 0-2: Foul Ball, location: 2F 0-2: Ball 1-2: Ground out 1-3 (Groundball, 13) Bob Curry to third
|
Batting: RHB Larry Johnston
|
0-0: Called Strike 0-1: SINGLE (Flyball, 9LS) Bob Curry scores
|
Batting: RHB William Williams
|
0-0: Ball 1-0: Reached on error, E1 (Groundball, 13S) Larry Johnston to second
|
Batting: LHB Ed Hammond
|
0-0: Ball 1-0: Called Strike 1-1: Called Strike 1-2: Fly out, F3 (Popup, 3F)
|
Top of the 5th over - 1 run(s), 1 hit(s), 1 error(s), 2 left on base; Athletic Club KC Academy 1 - Durham 2 |
BOTTOM OF THE 5TH |
Durham Rapiers batting - Pitching for Athletic Club KC Academy : RHP Pedro Ramírez
|
Batting: RHB Esteban Garza
|
0-0: Called Strike 0-1: Ball 1-1: Foul Ball, location: 2F 1-2: Strikes out swinging
|
Batting: LHB Evan Nelson
|
0-0: Ball 1-0: Foul Ball, location: 2F 1-1: Ground out 4-3 (Groundball, 34)
|
Batting: RHB Luis Tapia
|
0-0: Called Strike 0-1: Ball 1-1: Ground out 6-3 (Groundball, 6M)
|
Bottom of the 5th over - 0 run(s), 0 hit(s), 0 error(s), 0 left on base; Athletic Club KC Academy 1 - Durham 2 |
TOP OF THE 6TH |
Athletic Club KC Academy batting - Pitching for Durham Rapiers : LHP David Cole
|
Batting: SHB António Montés
|
0-0: Foul Ball, location: 2F 0-1: Called Strike 0-2: Ball 1-2: Ball 2-2: Strikes out swinging
|
Batting: RHB Chris Teague
|
0-0: Foul Ball, location: 2F 0-1: Foul Ball, location: 2F 0-2: Ball 1-2: Foul Ball, location: 2F 1-2: Ball 2-2: Strikes out looking
|
Batting: RHB Dave Robertson
|
0-0: Ball 1-0: Ball 2-0: Called Strike 2-1: Called Strike 2-2: Ground out 5-3 (Groundball, 56S)
|
Top of the 6th over - 0 run(s), 0 hit(s), 0 error(s), 0 left on base; Athletic Club KC Academy 1 - Durham 2 |
BOTTOM OF THE 6TH |
Durham Rapiers batting - Pitching for Athletic Club KC Academy : RHP Pedro Ramírez
|
Batting: RHB Harrison Blackford
|
0-0: SINGLE (Line Drive, 56D)
|
Batting: SHB Ramón Pérez
|
0-0: Ball 1-0: Ball 2-0: Fly out, F7 (Flyball, 7S)
|
Batting: RHB Caleb Lee
|
0-0: Called Strike 0-1: Fly out, F8 (Line Drive, 8RM)
|
Batting: RHB Kevin Sanderson
|
0-0: Ball 1-0: Called Strike 1-1: Fly out, F8 (Flyball, 89M)
|
Bottom of the 6th over - 0 run(s), 1 hit(s), 0 error(s), 1 left on base; Athletic Club KC Academy 1 - Durham 2 |
TOP OF THE 7TH |
Athletic Club KC Academy batting - Pitching for Durham Rapiers : LHP David Cole
|
Batting: RHB Allen Williams
|
0-0: Ball 1-0: Ball 2-0: Foul Ball, location: 2F 2-1: Ball 3-1: Base on Balls
|
Pitching: RHP Manuel Delgado
|
|
Pinch Hitting: RHB John Williams
|
0-0: Ball 1-0: Foul Ball, location: 2F 1-1: Ball 2-1: Swinging Strike 2-2: SINGLE (Line Drive, 6MD) Allen Williams to second Runner from 2nd tries for 3rd, OUT!
|
Pinch Hitting: RHB Jim Unknown
|
0-0: Ball 1-0: Fly out, F9 (Flyball, 89M)
|
Pinch Hitting: RHB Frank Church
|
0-0: Called Strike 0-1: Ball 1-1: Ball 2-1: Ball 3-1: Swinging Strike 3-2: Strikes out looking
|
Top of the 7th over - 0 run(s), 1 hit(s), 0 error(s), 1 left on base; Athletic Club KC Academy 1 - Durham 2 |
BOTTOM OF THE 7TH |
Durham Rapiers batting - Pitching for Athletic Club KC Academy : RHP Pedro Ramírez
|
Now at 1B: Jim Unknown
|
|
Now at 3B: Mike Lovell
|
|
Now at SS: Frank Church
|
|
Batting: SHB Orlando López
|
0-0: SINGLE (Line Drive, 5L)
|
Batting: RHB Luis Dávila
|
0-0: Ball 1-0: Bunted foul 1-1: Bunted foul 1-2: Foul Ball, location: 2F 1-2: Foul Ball, location: 2F 1-2: Foul Ball, location: 2F 1-2: Ball 2-2: Fly out, F9 (Flyball, 89M)
|
Pinch Hitting: LHB Mayer Röhricht
|
0-0: Ball 1-0: Grounds into double play, 6-4-3 (Groundball, 6M)
|
Bottom of the 7th over - 0 run(s), 1 hit(s), 0 error(s), 0 left on base; Athletic Club KC Academy 1 - Durham 2 |
TOP OF THE 8TH |
Athletic Club KC Academy batting - Pitching for Durham Rapiers : RHP Manuel Delgado
|
Pitching: RHP Jeff Cox
|
|
Now at 3B: Juan Blanco
|
|
Now in CF: Barton McCann
|
|
Batting: RHB William Williams
|
0-0: Swinging Strike 0-1: Called Strike 0-2: Ball 1-2: Ball 2-2: Foul Ball, location: 2F 2-2: Strikes out looking
|
Batting: LHB Ed Hammond
|
0-0: Called Strike 0-1: Ball 1-1: Swinging Strike 1-2: Strikes out looking
|
Batting: SHB António Montés
|
0-0: Ball 1-0: Foul Ball, location: 2F 1-1: Foul Ball, location: 2F 1-2: Foul Ball, location: 2F 1-2: Hit by Pitch
|
Batting: RHB Chris Teague
|
0-0: Ball 1-0: Fly out, F6 (Popup, 56)
|
Top of the 8th over - 0 run(s), 0 hit(s), 0 error(s), 1 left on base; Athletic Club KC Academy 1 - Durham 2 |
BOTTOM OF THE 8TH |
Durham Rapiers batting - Pitching for Athletic Club KC Academy : RHP Pedro Ramírez
|
Batting: LHB Evan Nelson
|
0-0: Ball 1-0: Fly out, F8 (Flyball, 8RM)
|
Pitching: LHP John McCord
|
|
Batting: RHB Luis Tapia
|
0-0: Called Strike 0-1: SINGLE (Flyball, 8LS)
|
Batting: RHB Harrison Blackford
|
0-0: Ball 1-0: Foul Ball, location: 2F 1-1: SINGLE (Line Drive, 6D) Luis Tapia to second
|
Pinch Hitting: RHB Álex Hernández
|
0-0: Ball 1-0: Ball 2-0: Foul Ball, location: 2F 2-1: Ball 3-1: Base on Balls Luis Tapia to third Harrison Blackford to second
|
Batting: RHB Caleb Lee
|
0-0: Ball 1-0: Called Strike 1-1: Fly out, F5 (Popup, 5S)
|
Batting: RHB Kevin Sanderson
|
0-0: Ball 1-0: Called Strike 1-1: Called Strike 1-2: Foul Ball, location: 2F 1-2: Foul Ball, location: 2F 1-2: DOUBLE (Line Drive, 3D) Luis Tapia scores Harrison Blackford scores Álex Hernández to third
|
Batting: SHB Juan Blanco
|
0-0: Fly out, F8 (Flyball, 8RS)
|
Bottom of the 8th over - 2 run(s), 3 hit(s), 0 error(s), 2 left on base; Athletic Club KC Academy 1 - Durham 4 |
TOP OF THE 9TH |
Athletic Club KC Academy batting - Pitching for Durham Rapiers : RHP Jeff Cox
|
Pitching: LHP Jason Horne
|
|
Now at SS: Sansan Breia
|
|
Batting: RHB Dave Robertson
|
0-0: Ball 1-0: Ball 2-0: Ball 3-0: Base on Balls
|
Batting: RHB Allen Williams
|
0-0: Ball 1-0: SINGLE (Line Drive, 5D) Dave Robertson to second
|
Batting: RHB Mike Lovell
|
0-0: Ball 1-0: Ball 2-0: Ball 3-0: Called Strike 3-1: Fly out, F7 (Flyball, 7M)
|
Batting: RHB Jim Unknown
|
0-0: Ball 1-0: Foul Ball, location: 2F 1-1: Ball 2-1: Fly out, F8 (Flyball, 8RD) Runner from 2nd tags up, SAFE at 3rd, no throw
|
Batting: RHB Frank Church
|
0-0: Ball 1-0: Ball 2-0: Ball 3-0: Called Strike 3-1: Called Strike 3-2: Foul Ball, location: 2F 3-2: Ground out 6-3 (Groundball, 6)
|
Top of the 9th over - 0 run(s), 1 hit(s), 0 error(s), 2 left on base; Athletic Club KC Academy 1 - Durham 4 |
|